Map: Catalesque CE

Players

Ekelpack - Winner!

  • Race: Zerg Zerg
  • Spawn Location: 11:00

Nyck - Winner!

  • Race: Terran Terran
  • Spawn Location: 11:00

JaKkals

  • Race: Terran Terran
  • Spawn Location: 5:00

SMOKE

  • Race: Protoss Protoss
  • Spawn Location: 5:00

VOD

Have the link to the VOD?

Description

Time

  • Played on: Oct. 2, 2024, 2:34 p.m.
  • Length: 3:46
Show
View Real Time Build Order
Export as new Build Order

Ekelpack Zerg - Winner!

Build Orders: Hatch First 

Get SALT Encoding   

  12  0:00  Drone  
  13  0:13  Overlord  
  13  0:18  Drone  
  14  0:31  Drone x2  
  16  0:50  Hatchery  
  16  0:53  Drone  
  16  1:09  Spawning Pool  
  16  1:10  Drone  
  16  1:15  Extractor  
  16  1:17  Drone  
  16  1:24  Drone  
  17  1:29  Drone  
  18  1:35  Drone  
  19  1:46  Drone  
  20  1:56  Queen  
  22  2:03  Queen  
  22  2:04  Drone  
  22  2:08  Drone  
  26  2:15  Overlord  
  26  2:17  Drone  
  26  2:21  Extractor  
  26  2:26  Drone x2  
  28  2:35  Lair  
  28  2:37  Drone  
  28  2:38  Drone  
  30  2:47  Queen  
  30  2:50  Drone  
  33  2:53  Drone  
  33  2:54  Drone  
  35  3:04  Drone  
  36  3:13  Overlord  
  36  3:20  Extractor  
  36  3:25  Overlord  
  35  3:29  Drone  
  36  3:36  Spire  
Show
View Real Time Build Order
Export as new Build Order

Nyck Terran - Winner!

Build Orders: Reaper Expand 

Get SALT Encoding   

  12  0:00  SCV  
  13  0:12  SCV  
  14  0:17  Supply Depot  
  14  0:24  SCV  
  15  0:40  SCV, Barracks  
  16  0:50  Refinery  
  16  0:52  SCV  
  17  1:06  SCV  
  18  1:28  SCV  
  18  1:29  Command Center  
  19  1:34  Reaper  
  19  1:37  Refinery  
  20  1:48  Orbital Command  
  20  2:23  Command Center  
  20  2:28  SCV  
  21  2:40  SCV  
  22  2:55  SCV  
  23  3:04  SCV  
  23  3:05  Marine  
  25  3:15  Refinery  
  25  3:16  Orbital Command  
  25  3:27  Factory  
  25  3:28  SCV  
Show
View Real Time Build Order
Export as new Build Order

JaKkals Terran 

Build Orders:  

Get SALT Encoding   

  12  0:00  SCV  
  13  0:12  SCV  
  14  0:18  Supply Depot  
  14  0:27  SCV  
  15  0:36  Refinery  
  15  0:42  Barracks  
  15  1:10  Supply Depot  
  15  1:16  SCV  
  15  1:17  Refinery  
  16  1:28  SCV  
  16  1:32  Barracks Reactor  
  17  1:40  SCV  
  18  2:12  Marine x2  
  18  2:13  Factory  
Show
View Real Time Build Order
Export as new Build Order

SMOKE Protoss 

Build Orders:  

Get SALT Encoding   

  12  0:01  Probe  
  13  0:13  Probe  
  14  0:19  Pylon  
  14  0:25  Probe  
  15  0:34  Assimilator  
  15  0:43  Probe  
  16  0:55  Gateway  
  16  0:58  Probe (Chrono Boost)  
  17  1:07  Assimilator  
  17  1:09  Probe (Chrono Boost)  
  18  1:13  Probe (Chrono Boost)  
  19  1:24  Probe  
Tags
 
Add a new tag
Caveats
  • Supply blocks, unpowered buildings, or Contaminate may cause inaccurate times.
  • Supply counts are checked every 10 seconds.